 Dungeon Crawl Stone Soup version 0.30.0-30-g96aa6591b8 (webtiles) character file.

Game seed: 14654795681956488855

150 Ayven the Shooter (level 5, -1/42 HPs)
             Began as a Minotaur Hunter on June 30, 2023.
             Killed by an exploding ufetubus (10 damage)
             ... ignited by their inner flame
             ... on level 4 of the Dungeon.
             The game lasted 00:07:34 (794 turns).

Ayven the Shooter (Minotaur Hunter)                  Turns: 794, Time: 00:07:36

Health: -1/42      AC:  3    Str: 16    XL:     5   Next: 10%
Magic:  4/4        EV: 12    Int:  6    God:
Gold:   67         SH:  0    Dex: 15    Spells: 4/4 levels left

rFire   + . .        a - +0 shortbow
rCold   . . .        (shield currently unavailable)
rNeg    . . .        c - +0 leather armour
rPois   .            (helmet restricted)
rElec   .            (no cloak)
rCorr   .            (no gloves)
SInv    .            (no boots)
Will    .....        h - amulet of regeneration
Stlth   +            i - ring of protection from fire
HPRegen 1.07/turn    (no ring)
MPRegen 0.09/turn

%: no passive effects
@: no status effects
A: horns 2, retaliatory headbutt
a: no special abilities


You were on level 4 of the Dungeon.
You visited 1 branch of the dungeon, and saw 4 of its levels.

You collected 67 gold pieces.

Inventory:

Hand Weapons
 a - a +0 shortbow (weapon)
 d - a +4 dagger
Armour
 c - a +0 leather armour (worn)
Jewellery
 h - an amulet of regeneration (around neck)
 i - a ring of protection from fire (left hand)
Scrolls
 f - a scroll of fear {unknown}
 g - 2 scrolls of identify {unknown}
Potions
 e - 2 potions of heal wounds {unknown}


   Skills:
 - Level 2.4 Fighting
 * Level 6.7 Ranged Weapons
 - Level 3.0 Dodging
 - Level 0.7 Stealth


You had 4 spell levels left.
You didn't know any spells.
Your spell library was empty.

Dungeon Overview and Level Annotations

Branches:
Dungeon (4/15)
 Temple: D:4-7

Altars:
Sif Muna
The Shining One


Innate Abilities, Weirdness & Mutations

You have a pair of horns on your head.
You reflexively headbutt those who attack you in melee.


Message History

Aim: an ufetubus (inner flame, 46% to hit)
You shoot an arrow. The arrow barely misses the ufetubus.
An orc comes into view. It is wielding a +0 whip.
A scorpion comes into view.
Okay, then.
A gnoll comes into view. It is wielding a +0 spear.
The ufetubus hits you. x2
* * * LOW HITPOINT WARNING * * *
You shoot an arrow. The arrow closely misses the ufetubus.
The ufetubus hits you.
* * * LOW HITPOINT WARNING * * *
The ufetubus closely misses you.
A gnoll comes into view. It is wielding a +0 whip.
The gnoll bouda barks out a call to the hunt!
The gnoll picks up the pace!
The gnoll barely misses you. The ufetubus barely misses you.
The ufetubus hits you.
* * * LOW HITPOINT WARNING * * *
A gnoll comes into view. It is wielding a +0 halberd.
You shoot an arrow. The arrow misses the ufetubus.
The ufetubus misses you. The ufetubus barely misses you.
An orc wizard comes into view. It is wielding a +0 dagger.
The gnoll hits you from afar with a +0 spear.
* * * LOW HITPOINT WARNING * * *
The ufetubus barely misses you. The ufetubus closely misses you.
A gnoll comes into view. It is wielding a +0 spear.
You shoot an arrow. The orc wizard shouts!
The arrow hits the ufetubus.
Flame seeps out of the ufetubus.
The ufetubus is severely wounded.
You hear a shout!
An ogre comes into view. It is wielding a +0 giant club.
The orc wizard mumbles some strange words.
The orc wizard flickers and vanishes!
Deactivating autopickup; reactivate with Ctrl-A.
The gnoll barely misses you.
The ufetubus is engulfed in blazing flames.
The ufetubus explodes!
The fiery explosion engulfs you! You resist.
You die...

..## g.. .
#.. ..g #..
..O.#..
§...g.o####
§§{gg.gg..#
§≈≈≈§≈§≈§.#
§.......§@#
≈.♣♣♣♣♣.§○#
≈ ♣.....≈s#
♣._.♣.≈.###
....♣.≈...#
♣♣♣♣♣.§§#.#
....§≈...#
≈§≈≈.≈...#
.........#5#


You could see an ogre, a gnoll bouda, a scorpion, 5 gnolls and an orc.

Vanquished Creatures
  A hound (D:4)
  A quasit (D:4)
  4 adders (D:2)
  2 shadow imps (D:4)
  A white imp (D:4)
  2 ufetubi (D:4)
  An endoplasm (D:2)
  A giant cockroach (D:4)
  4 goblins
  2 hobgoblins
  3 jackals (D:2)
  2 ball pythons
  3 frilled lizards (D:2)
  3 rats
30 creatures vanquished.

Vanquished Creatures (collateral kills)
  A ball python (D:3)
1 creature vanquished.

Grand Total: 31 creatures vanquished

Notes
Turn   | Place    | Note
-------+----------+-------------------------------------------
     0 | D:1      | Ayven the Minotaur Hunter began the quest for the Orb.
     0 | D:1      | Reached XP level 1. HP: 18/18 MP: 0/0
    78 | D:2      | Reached XP level 2. HP: 15/25 MP: 1/1
   199 | D:2      | Reached skill level 5 in Ranged Weapons
   284 | D:2      | Reached XP level 3. HP: 21/30 MP: 2/2
   758 | D:4      | Found a shimmering blue altar of Sif Muna.
   776 | D:4      | Found a glowing golden altar of the Shining One.
   779 | D:4      | Reached skill level 6 in Ranged Weapons
   779 | D:4      | Reached XP level 4. HP: 4/37 MP: 3/3
   779 | D:4      | HP: 1/37 [hound (4)]
   782 | D:4      | Reached XP level 5. HP: 4/42 MP: 4/4
   794 | D:4      | Noticed an ogre
   794 | D:4      | Killed by an exploding ufetubus... ignited by their inner
                  | flame

Illustrated notes

Levels and vault maps discovered:
D:1:      minmay_arrival_open_corners, layout_basic
D:2:      layout_basic
D:3:      layout_rooms
D:4:      layout_cave_pools, nicolae_overflow_hidden_temple,
          mainiacjoe_overflow_brackets, nicolae_sif_muna_condensation,
          minmay_temple_entry_slanted, serial_demonic, serial_demonic_b,
          serial_demonic_d, serial_demonic_e, serial_demonic_b,
          kennysheep_generic_room_9, uniq_ijyb

Skill      XL: |  1  2  3 |
---------------+----------+-----
Dodging        | 3 |  3.0
Ranged Weapons | 5 6 |  6.7
Fighting       | |  2.4
Stealth        | |  0.7

Action                     |  1- 3 |  4- 6 || total
---------------------------+-------+-------++-------
   Fire: Shortbow          |    67 |     8 ||    75
    Use: Scroll            |     4 |       ||     4
 Armour: Leather armour    |    16 |     1 ||    17
  Dodge: Dodged            |    57 |    10 ||    67
